 Dungeon Crawl Stone Soup version 0.31-a0-1002-g8e65716e6e (webtiles) character file.

Game seed: 13878477447335341025

285 Armakuni the Firebug (level 6, -1/41 HPs)
             Began as a Human Wanderer on Nov 9, 2023.
             Killed themself with a badly aimed concussive blast (22 damage)
             ... on level 3 of the Dungeon.
             The game lasted 00:12:37 (2193 turns).

Armakuni the Firebug (Human Wanderer)               Turns: 2193, Time: 00:12:37

Health: -1/41      AC:  3    Str:  9    XL:     6   Next: 55%
Magic:  0/9        EV: 10    Int: 19    God:
Gold:   209        SH:  0    Dex: 11    Spells: 5/9 levels left

rFire   . . .        a - +0 flail
rCold   . . .        (no shield)
rNeg    . . .        d - +0 leather armour
rPois   .            (no helmet)
rElec   .            (no cloak)
rCorr   .            (no gloves)
SInv    .            (no boots)
Will    .....        (no amulet)
Stlth   +            W - ring of wizardry
HPRegen 0.26/turn    (no ring)
MPRegen 0.11/turn

%: wizardry (x1)
@: very slightly contaminated
A: no striking features
a: no special abilities


You were on level 3 of the Dungeon.
You visited 1 branch of the dungeon, and saw 3 of its levels.

You collected 209 gold pieces.

Inventory:

Hand Weapons
 a - a +0 flail (weapon)
Armour
 c - a +0 robe
 d - a +0 leather armour (worn)
 i - a +2 ring mail of willpower
Jewellery
 W - a ring of wizardry (left hand)
Wands
 v - a wand of flame (5)
Scrolls
 b - a scroll of silence
 g - a scroll of revelation
 j - a scroll of amnesia
 m - 3 scrolls of vulnerability
 n - a scroll of enchant armour {unknown}
 X - a scroll of enchant weapon
Potions
 e - a potion of ambrosia
 f - a potion of magic {unknown}
 h - 2 potions of curing
 k - a potion of heal wounds {unknown}
 l - a potion of degeneration {unknown}


   Skills:
 - Level 1.0 Armour
 - Level 2.0 Spellcasting
 - Level 3.1 Conjurations
 - Level 3.0 Translocations
 + Level 5.1 Fire Magic
 - Level 3.0 Evocations


You had 5 spell levels left.
You knew the following spells:

 Your Spells              Type           Power      Damage    Failure   Level
a - Foxfire               Conj/Fire      68%        2x1d7     1%          1
m - Volatile Blastmotes   Fire/Tloc      34%        2d12      5%          3

Your spell library contained the following spells:

 Spells                   Type           Power      Damage    Failure   Level
 Lesser Beckoning         Tloc           26%        N/A       4%          2
 Momentum Strike          Conj/Tloc      26%        3d8       4%          2
 Inner Flame              Hex/Fire       11%        N/A       10%         3


Dungeon Overview and Level Annotations

Branches:
Dungeon (3/15)

Altars:
Wu Jian


Message History

n - a scroll labelled IKLUEFR DISHU
Casting: Foxfire (safe; 1% risk of failure)
Press: ? - help, Q - select action, (/) - cycle Dir - look around, f - activate You conjure some foxfire!
The foxfire hits the endoplasm.
The endoplasm is moderately wounded.
The foxfire hits the endoplasm.
The endoplasm is heavily wounded.
Casting: Foxfire (safe; 1% risk of failure)
Press: ? - help, Q - select action, (/) - cycle Dir - look around, f - activate You conjure some foxfire!
The foxfire hits the endoplasm.
You kill the endoplasm!
Your foxfire dissipates!
Magic restored.
An ogre comes into view. It is wielding a +0 giant spiked club.
The ogre shouts!
The ogre moves out of view.
Found a stone staircase leading down.
Casting: Foxfire (safe; 1% risk of failure)
Confirm with . or Enter, or press ? or * to list all spells.
A cloud of volatile blastmotes flares up around you!
The cloud of blastmotes explodes!
The concussive blast engulfs the ogre!
The ogre is heavily wounded.
You hear a shout!
Casting: Volatile Blastmotes (dangerous; 5% risk of failure)
Confirm with . or Enter, or press ? or * to list all spells.
You miscast Volatile Blastmotes.
You are very lightly contaminated with residual magic.
Nothing appears to happen.
Casting: Volatile Blastmotes (dangerous; 5% risk of failure)
Confirm with . or Enter, or press ? or * to list all spells.
A cloud of volatile blastmotes flares up around you!
The ogre attacks as it pursues you!
The ogre hits you with a +0 giant spiked club!!
The cloud of blastmotes explodes!
The concussive blast engulfs the ogre!!
You kill the ogre!
The concussive blast engulfs you!!
Ouch! That really hurt!
You die...

##.#.# #.....#.# # #....#
#.....#.# .##
#....####.......##.....
#.#....................
##+##..O.............# #.#
........#####........# #.#
#.......# #........####.#
#.......#####.....†.....#.####
#............)@.....###.#.#..
#................)..#
#...#.###
########............#
##..#.#.. #......<.....#
#.(..... #...........##
##.#.#.. ######.......#
#.#.#.. #......... #.#....
.......... #.###.# ....##...
#.# #.#


There were no monsters in sight!

Vanquished Creatures
  Grinder (D:3)
  An ogre (D:3)
  2 adders (D:2)
  2 dart slugs
  5 orcs (D:3)
  3 bats
  7 endoplasms
  4 giant cockroaches
  5 goblins
  4 hobgoblins
  3 jackals (D:3)
  A quokka (D:1)
  7 ball pythons
  2 frilled lizards
  5 kobolds
  11 rats
63 creatures vanquished.

Vanquished Creatures (others)
  122 foxfires
122 creatures vanquished.

Grand Total: 185 creatures vanquished

Notes
Turn   | Place    | Note
-------+----------+-------------------------------------------
     0 | D:1      | Armakuni the Human Wanderer began the quest for the Orb.
     0 | D:1      | Armakuni set off with the following items: a +0 dagger, a
                  | scroll of silence, a +0 robe, a wand of flame (6); and the
                  | following spell memorised: Foxfire; and the following
                  | spells available to memorise: Lesser Beckoning, Momentum
                  | Strike, Volatile Blastmotes, Inner Flame.
     0 | D:1      | Reached XP level 1. HP: 13/13 MP: 3/3
    94 | D:1      | Reached skill level 1 in Conjurations
    94 | D:1      | Reached XP level 2. HP: 19/19 MP: 3/5
   404 | D:1      | Reached XP level 3. HP: 19/24 MP: 4/6
  1007 | D:2      | Found an ornate altar of the Wu Jian Council.
  1141 | D:2      | Reached XP level 4. HP: 22/30 MP: 0/7
  1226 | D:2      | Learned a level 3 spell: Volatile Blastmotes
  1850 | D:3      | Noticed Grinder
  1869 | D:3      | Killed Grinder
  1870 | D:3      | Reached skill level 5 in Fire Magic
  1870 | D:3      | Reached XP level 5. HP: 35/35 MP: 0/8
  1870 | D:3      | Reached XP level 6. HP: 41/41 MP: 0/9
  2177 | D:3      | Noticed an ogre
  2193 | D:3      | Killed an ogre
  2193 | D:3      | Killed themself with a badly aimed concussive blast

Illustrated notes

Levels and vault maps discovered:
D:1:      saegor_arrival_simple_b, layout_loops_ring, minmay_pentomino_z2
D:2:      layout_basic, basic_altar, minmay_diced_spiral
D:3:      layout_basic, grunt_decor_cap, dreamdust_mushroom_princess,
          grunt_decor_one_mirror, uniq_grinder

Skill      XL: |  1  2  3  4 |
---------------+-------------+-----
Conjurations   | 1 2 3 |  3.1
Translocations | 3 |  3.0
Fire Magic     | 5 |  5.1
Armour         | |  1.0
Spellcasting   | |  2.0
Evocations     | |  3.0

Action                     |  1- 3 |  4- 6 || total
---------------------------+-------+-------++-------
  Melee: Dagger            |     6 |       ||     6
         Mace              |    19 |    13 ||    32
         Flail             |       |     3 ||     3
   Cast: Foxfire           |    44 |    28 ||    72
         Volatile Blastmot |       |     4 ||     4
  Evoke: Wand              |     1 |       ||     1
    Use: Scroll            |     2 |     4 ||     6
 Armour: Leather armour    |    16 |    18 ||    34
  Dodge: Dodged            |    12 |    14 ||    26

Table legend: (Time is in decaauts)
 A = Elapsed time spent in this place.
 B = Non-inter-level travel time spent in this place.
 C = Inter-level travel time spent in this place.
 D = Time resting spent in this place.
 E = Time spent auto-exploring this place.
 F = Levels seen in this place.
 G = Mean time per level.
                   A        B        C        D        E       F      G
               +--------+--------+--------+--------+--------+-----+--------+
         Total |   2205 |   2113 |     92 |    446 |   1080 |   3 |  735.0 |
       Dungeon |   2205 |   2113 |     92 |    446 |   1080 |   3 |  735.0 |
               +--------+--------+--------+--------+--------+-----+--------+

Top non-repeatable levels by time:
     D:1: 979 daAuts
     D:2: 743 daAuts
     D:3: 482 daAuts
